cohdb
Replays
Latest Replays
All Replays
Popular Replays
Top Player Replays
Match Explorer
How It Works
Community
CoH3 Stats
Reddit
Sign in to upload your games and track your stats! →
Sign in with Steam
Match 39057062
Unlisted
Match 39057062
Overview
Messages
Build Orders
End
Construct Barracks
Riflemen Squad
Riflemen Squad
Riflemen Squad
Grenade Package
Riflemen Squad
Mechanized Support Center
M1918 Browning Automatic Rifles
Construct Medical Station
Selects Armored Battlegroup
Selects Strength in Steel
Engineer Squad
Construct Tank Depot
Selects Seek and Destroy
Selects UNKNOWN (2160077)
M4A1 Sherman Medium Tank
Selects Veteran Crews
Selects M31 Recovery Vehicle
Selects War Machine
M18 Hellcat Tank Destroyer
M31 Recovery Vehicle
七彩斑斓的牛头人战士
QGD
KingNothing
100% OJ addict
Nuclear Viking
Lt_Winters
J1MB0
ICU-EASY
0
0
Comments
sign in to comment!
No comments posted yet!